 Dungeon Crawl Stone Soup version 0.28-a0-1152-g9c71ebef14 (webtiles) character file.

Game seed: 9623007183601110581

1628 tilp the Frost Mage (level 8, 29/29 HPs)
             Began as a Felid Ice Elementalist on Dec 14, 2021.
             Was a Priest of Ru.
             Quit the game on level 10 of the Dungeon.
             The game lasted 00:21:32 (14106 turns).

tilp the Frost Mage (Felid Ice Elementalist)       Turns: 14106, Time: 00:21:33

Health: 29/29      AC:  2    Str:  4    XL:     8   Next: 65%
Magic:  16/16      EV: 18    Int: 21    God:    Ru [***...]
Gold:   496        SH:  0    Dex: 16    Spells: 6/17 levels left
                                        Lives:  0   Deaths: 2

rFire   . . .      SeeInvis +     - Unarmed
rCold   . . .      Faith    .   (shield unavailable)
rNeg    . . .      Spirit   .   (armour unavailable)
rPois   .          Reflect  .   (helmet unavailable)
rElec   .          Harm     .   (cloak unavailable)
rCorr   +          Rampage  .   (gloves unavailable)
Will    +....                   (boots unavailable)
Stlth   +++.......              o - amulet of the acrobat
HPRegen 0.09/turn               l - ring of resist corrosion
MPRegen 0.15/turn               (no ring)

@: quick
A: very small, claws 1, fangs 3, see invisible, speed 1, frail 1, shaggy fur 2,
cowardly, stealthy paws, no weapons or thrown items, no armour, multi-lived
a: Renounce Religion, Draw Out Power


You were on level 10 of the Dungeon.
You worshipped Ru.
Ru was most pleased with you.
You visited 2 branches of the dungeon, and saw 11 of its levels.

You collected 496 gold pieces.

Inventory:

Jewellery
 l - a ring of resist corrosion (left paw)
 o - an amulet of the acrobat (around neck)
Wands
 d - a wand of mindburst (2)
 h - a wand of flame (3)
 p - a wand of polymorph (16)
 q - a wand of iceblast (13)
Scrolls
 i - 2 scrolls of fear
 j - 4 scrolls of teleportation
Potions
 a - a potion of resistance
 b - a potion of curing {unknown}
 c - 2 potions of heal wounds
 e - 2 potions of mutation
 f - 2 potions of ambrosia
 g - a potion of brilliance {unknown}
 k - 4 potions of cancellation
 m - 3 potions of attraction
 n - a potion of degeneration {unknown}
 r - a potion of flight {unknown}


   Skills:
 - Level 2.0 Fighting
 - Level 4.0 Dodging
 - Level 6.0 Stealth
 - Level 4.0 Unarmed Combat
 - Level 5.0 Spellcasting
 + Level 8.6 Conjurations
 + Level 8.7 Ice Magic


You had 6 spell levels left.
You knew the following spells:

 Your Spells              Type           Power      Damage    Failure   Level
a - Freeze                Ice            100%       1d11      1%          1
b - Frozen Ramparts       Ice            82%        1d10      1%          3
c - Ozocubu's Armour      Ice            41%        N/A       1%          3
d - Hailstorm             Conj/Ice       41%        3d10      3%          4

Your spell library contained the following spells:

 Spells                   Type           Power      Damage    Failure   Level
 Stone Arrow              Conj/Erth      46%        3d9       5%          3
 Animate Skeleton         Necr           10%        N/A       11%         1
 Pain                     Necr           20%        1d5       11%         1
 Sandblast                Erth           10%        2d5       11%         1
 Blink                    Tloc           10%        N/A       16%         2
 Passwall                 Tmut/Erth      4%         N/A       16%         2
 Gell's Gravitas          Tloc           5%         N/A       32%         3
 Lesser Beckoning         Tloc           5%         N/A       32%         3
 Teleport Other           Tloc           5%         N/A       32%         3
 Vampiric Draining        Necr           5%         2d6       32%         3
 Manifold Assault         Tloc           5%         N/A       96%         5


Dungeon Overview and Level Annotations

Branches:
Dungeon (10/15)            Temple (1/1) D:5
   Lair: D:8-11         Orc: D:9-12

Altars:
Ashenzari
Cheibriados
Dithmenos
Elyvilon
Fedhas
Gozag
Hepliaklqana
Kikubaaqudgha
Makhleb
Nemelex Xobeh
Okawaru
Qazlal
Ru
Sif Muna
Trog
Uskayaw
Vehumet
Wu Jian
Xom
Yredelemnul
Zin
The Shining One

Annotations:
D:6 exclusion: manticore
D:10 exclusions: acid dragon and troll


Innate Abilities, Weirdness & Mutations

You have sharp claws.
You have razor-sharp teeth.
You have supernaturally acute eyesight. (SInv)
You cover ground quickly. (Speed+)
You are frail. (-10% HP)
You are covered in thick fur. (AC +2)
Your cowardice makes you less effective in combat with threatening foes.
Your paws help you pounce on unaware monsters.
You are incapable of wielding weapons or throwing items.
You cannot wear armour.
You gain extra lives every three experience levels.


Message History

You bite the centaur warrior zombie, but do no damage.
The centaur warrior zombie is severely damaged.
The centaur warrior zombie misses you. x2
You scratch the centaur warrior zombie but do no damage.
The centaur warrior zombie is severely damaged.
The centaur warrior zombie misses you.
The centaur warrior zombie kicks you but does no damage.
You completely miss the centaur warrior zombie.
The centaur warrior zombie is severely damaged.
The centaur warrior zombie hits you but does no damage.
The centaur warrior zombie misses you.
You completely miss the centaur warrior zombie.
The centaur warrior zombie is severely damaged.
The centaur warrior zombie is stunned by your conviction and fails to attack.
The centaur warrior zombie hits you!
* * * LOW HITPOINT WARNING * * *
The centaur warrior zombie kicks you but does no damage.
You scratch the centaur warrior zombie.
The centaur warrior zombie is almost destroyed.
The centaur warrior zombie is stunned by your conviction and fails to attack.
You scratch the centaur warrior zombie.
The centaur warrior zombie is almost destroyed.
The centaur warrior zombie hits you.
* * * LOW HITPOINT WARNING * * *
The centaur warrior zombie kicks you but does no damage.
You scratch the centaur warrior zombie but do no damage.
The centaur warrior zombie is almost destroyed.
The centaur warrior zombie closely misses you.
The centaur warrior zombie kicks you but does no damage.
You scratch the centaur warrior zombie but do no damage.
The centaur warrior zombie is almost destroyed.
The centaur warrior zombie hits you!
You die...
The centaur warrior zombie completely misses you.
You are now level 8!
You rejoin the land of the living...
Unknown command.
Unknown command.
Unknown command.
Are you sure you want to abandon this character and quit the game? (Confirm with "yes".)

..#.'
.#.# .#.#
..# ..#
#.#
#.#####.#
#......@#
#.......#
#.......#
#.......#
#######
####+####
.......
.......
###....
.......


There were no monsters in sight!

Vanquished Creatures
  Erolcha (D:9)
  Maggie (D:9)
  A water moccasin (D:6)
  5 orc warriors (D:9)
  2 ice beasts
  A sky beast (D:6)
  2 necrophages
  A black bear (D:6)
  2 ogres (D:6)
  4 centaurs
  6 bullfrogs
  3 scorpions
  7 killer bees
  9 wights
  2 jellies
  4 centaur zombies
  4 hounds
  2 gnoll shamans
  6 orc priests
  A centaur skeleton (D:7)
  An iguana (D:7)
  10 orc wizards
  A killer bee zombie (D:8)
  A howler monkey zombie (D:9)
  9 gnolls
  A howler monkey skeleton (D:6)
  4 adders
  A shadow imp (D:6)
  A white imp (D:5)
  An ufetubus (D:7)
  A worm (D:4)
  A dart slug (D:1)
  33 orcs
  16 endoplasms
  4 giant cockroaches
  5 goblins
  11 hobgoblins
  3 jackals (D:3)
  7 quokkas
  7 ball pythons
  7 bats
  4 frilled lizards
  17 kobolds
  7 rats
217 creatures vanquished.

Vanquished Creatures (others)
  5 fungi (D:2)
  18 plants (D:4)
  8 toadstools (D:2)
31 creatures vanquished.

Grand Total: 248 creatures vanquished

Notes
Turn   | Place    | Note
-------+----------+-------------------------------------------
     0 | D:1      | tilp the Felid Ice Elementalist began the quest for the
                  | Orb.
     0 | D:1      | Reached XP level 1. HP: 7/7 MP: 4/4
    45 | D:1      | Reached skill level 1 in Unarmed Combat
   420 | D:1      | Reached XP level 2. HP: 11/11 MP: 6/6
   633 | D:1      | Found a faded altar of an unknown god.
  1326 | D:2      | Reached XP level 3. HP: 13/14 MP: 4/7
  1341 | D:2      | Learned a level 3 spell: Frozen Ramparts
  1556 | D:2      | Reached XP level 4. HP: 18/18 MP: 3/8
  2882 | D:3      | Reached XP level 5. HP: 21/21 MP: 4/10
  2957 | D:3      | Learned a level 3 spell: Ozocubu's Armour
  3029 | D:3      | Reached skill level 5 in Ice Magic
  3992 | D:4      | Gained mutation: You are covered in thick fur. (AC +2)
                  | [Felid growth]
  3992 | D:4      | Reached XP level 6. HP: 19/24 MP: 2/11
  5147 | D:5      | Entered Level 5 of the Dungeon
  5308 | D:5      | Found a broken altar of Ashenzari.
  5348 | D:5      | Reached skill level 1 in Fighting
  5731 | D:5      | Found a staircase to the Ecumenical Temple.
  5825 | Temple   | Entered the Ecumenical Temple
  5893 | Temple   | Became a worshipper of Ru the Awakened
  5950 | D:5      | Reached XP level 7. HP: 22/28 MP: 1/12
  6128 | D:5      | Learned a level 4 spell: Hailstorm
  6284 | D:6      | Reached skill level 5 in Stealth
  6663 | D:6      | Reached skill level 1 in Conjurations
  7037 | D:6      | Reached XP level 8. HP: 26/33 MP: 11/13
  7366 | D:6      | Noticed a manticore
  7378 | D:6      | Found a hide-covered altar of Uskayaw.
  7769 | D:6      | Found an ornate altar of the Wu Jian Council.
  8433 | D:7      | Gained mutation: You are frail. (-10% HP) [Ru sacrifice]
  8433 | D:7      | Reached * piety under Ru
  8433 | D:7      | Reached ** piety under Ru
  9097 | D:7      | Found a hazy altar of Hepliaklqana.
  9113 | D:7      | Reached skill level 5 in Conjurations
  9305 | D:7      | Reached XP level 9. HP: 32/32 MP: 6/16
 10177 | D:8      | Found a bloodstained altar of Trog.
 10446 | D:8      | Found a burning altar of Makhleb.
 10657 | D:8      | Found a shimmering blue altar of Sif Muna.
 10798 | D:9      | Noticed Erolcha
 11821 | D:9      | Noticed Maggie
 11830 | D:9      | Slain by Maggie
 11831 | D:9      | Reached XP level 8. HP: -2/29 MP: 6/15
 11883 | D:9      | Killed Maggie
 11884 | D:9      | Reached XP level 9. HP: 12/32 MP: 10/16
 13127 | D:9      | Killed Erolcha
 13426 | D:9      | Found an iron altar of Okawaru.
 13530 | D:10     | Entered Level 10 of the Dungeon
 13555 | D:10     | Noticed a troll
 13569 | D:10     | Reached skill level 5 in Spellcasting
 13652 | D:10     | Gained mutation: Your cowardice makes you less effective in
                  | combat with threatening foes. [Ru sacrifice]
 13652 | D:10     | Reached *** piety under Ru
 14105 | D:10     | Slain by a centaur warrior zombie
 14106 | D:10     | Reached XP level 8. HP: -2/29 MP: 13/16
 14106 | D:10     | Quit the game

Illustrated notes

Levels and vault maps discovered:
D:1:      minmay_arrival_nine_rooms, layout_rooms,
          dilly_ecumenical_altar_fadedgnrine, minmay_tetromino_l4
D:2:      cheibrodos_fertilizer, layout_basic
D:3:      layout_rooms, minmay_between
D:4:      layout_loops_ring, corexii_hall_statues_x, lexackson_kobold_supper
D:5:      layout_gridville, nicolae_ashenzari_skybound,
          minmay_temple_entry_butterflies
D:6:      layout_layer_cave, nzn_wu_jian_council_hall, nicolae_uskayaw_suspiria
D:7:      layout_basic, mainiacjoe_overflow_surrounded_room
D:8:      layout_rooms, nicolae_overflow_hidden_temple,
          nicolae_underground_beach
D:9:      layout_loops_ring, okawaru_altar_gauntlet_db, uniq_maggie,
          uniq_erolcha
D:10:     layout_stronghold
Temple:   eino_temple_lava

Skill      XL: |  1  2  3  4  5  6  7  8  9 |
---------------+----------------------------+-----
Unarmed Combat | 1 2 3 4 |  4.0
Ice Magic      | 4 6 7 8 |  8.7
Spellcasting   | 3 4 5 |  5.0
Dodging        | 3 4 |  4.0
Stealth        | 3 6 |  6.0
Fighting       | 1 2 |  2.0
Conjurations   | 1 5 8 |  8.6

Action                   |  1- 3 |  4- 6 |  7- 9 || total
-------------------------+-------+-------+-------++-------
Melee: Unarmed           |    17 |    63 |   162 ||   242
       Bite              |     1 |     9 |    15 ||    25
       Punch             |       |       |     8 ||     8
 Cast: Freeze            |    35 |    47 |    68 ||   150
       Frozen Ramparts   |     2 |    25 |    36 ||    63
       Ozocubu's Armour  |       |     9 |    31 ||    40
       Hailstorm         |       |       |    24 ||    24
Invok: Sacrifice Health  |       |       |     1 ||     1
       Sacrifice Courage |       |       |     1 ||     1
Evoke: Wand              |       |     1 |    19 ||    20
  Use: Scroll            |     1 |     5 |     6 ||    12
       Potion            |       |       |     1 ||     1
 Stab: Sleeping          |     6 |    11 |     9 ||    26
       Distracted        |       |       |     2 ||     2
Armor: Skin              |     2 |    23 |    67 ||    92
Dodge: Dodged            |    25 |    86 |   240 ||   351

Table legend: (Time is in decaauts)
 A = Elapsed time spent in this place.
 B = Non-inter-level travel time spent in this place.
 C = Inter-level travel time spent in this place.
 D = Time resting spent in this place.
 E = Time spent auto-exploring this place.
 F = Levels seen in this place.
 G = Mean time per level.
                   A        B        C        D        E       F      G
               +--------+--------+--------+--------+--------+-----+--------+
         Total |  12930 |  12627 |    303 |   4055 |   6973 |  11 | 1175.5 |
       Dungeon |  12867 |  12581 |    286 |   4055 |   6934 |  10 | 1286.7 |
        Temple |     62 |     45 |     17 |      0 |     38 |   1 |   62.0 |
               +--------+--------+--------+--------+--------+-----+--------+

Top non-repeatable levels by time:
     D:9: 2189 daAuts
     D:6: 1974 daAuts
     D:7: 1611 daAuts
     D:2: 1586 daAuts
     D:4: 1503 daAuts
     D:8: 1077 daAuts
     D:3: 871 daAuts
     D:5: 815 daAuts
     D:1: 713 daAuts
    D:10: 525 daAuts
  Temple: 62 daAuts
